 Dungeon Crawl Stone Soup version 0.31.0-32-g396128a36d (webtiles) character file.

Game seed: 3596648588381693951

245 MollyMolluskus the Ruffian (level 6, 0/43 HPs)
             Began as an Octopode Fighter on Mar 29, 2024.
             Slain by Natasha (8 damage)
             ... on level 3 of the Dungeon.
             The game lasted 00:05:43 (1972 turns).

MollyMolluskus the Ruffian (Octopode Fighter)       Turns: 1972, Time: 00:05:43

Health: 0/43       AC:  1    Str: 17    XL:     6   Next: 10%
Magic:  6/6        EV: 10    Int: 11    God:
Gold:   65         SH:  4    Dex: 11    Spells: 5/5 levels left

rFire   . .          .
                       - Unarmed
rCold   . . .        a - +0 buckler
rNeg    . . .        (helmet restricted)
rPois   .            (no amulet)
rElec   .            (no ring)
rCorr   .            (no ring)
SInv    .            (no ring)
Will    .....        (no ring)
Stlth   +++          (no ring)
HPRegen 0.27/turn    (no ring)
MPRegen 0.10/turn    (no ring)
                     (no ring)

%: no passive effects
@: slowed, constricted, invisible, very slow
A: almost no armour, amphibious, 8 rings, camouflage 1, gelatinous body 1,
(nimble swimmer 1), tentacles
a: no special abilities


You were on level 3 of the Dungeon.
You visited 1 branch of the dungeon, and saw 3 of its levels.

You collected 65 gold pieces.

Inventory:

Hand Weapons
 c - a +3 dagger of speed
Missiles
 g - 5 poisoned darts (quivered)
Armour
 a - a +0 buckler (worn)
Scrolls
 d - a scroll of identify
Potions
 b - a potion of might
 e - 3 potions of mutation


   Skills:
 + Level 3.8 Fighting
 + Level 3.8 Dodging
 + Level 3.1 Stealth
 + Level 3.7 Shields
 * Level 3.9 Unarmed Combat


You had 5 spell levels left.
You didn't know any spells.
Your spell library contained the following spells:

 Spells                   Type           Power      Damage    Failure   Level
 Apportation              Tloc           0%         N/A       41%         1
 Jinxbite                 Hex            0%         N/A       56%         2
 Alistair's Intoxication  Alch           0%         N/A       100%        5


Dungeon Overview and Level Annotations

Branches:
Dungeon (3/15)

Altars:
Gozag

Shops:
D:3 *

Annotations:
D:3 Natasha


Innate Abilities, Weirdness & Mutations

You cannot wear most types of armour.
You are amphibious.
You can wear up to eight rings at the same time.
Your skin changes colour to match your surroundings (Stealth+).
Your rubbery body absorbs attacks. (AC +1, EV +1)
((You are camouflaged when in or above water. (Stealth+)))
You have tentacles for arms and can constrict up to eight enemies at once.


Message History

You tentacle-slap Terence but do no damage.
You squeeze Terence.
Terence is heavily wounded.
You constrict Terence. You constrict the hobgoblin.
You block the hobgoblin's attack. Terence closely misses you.
Unknown command.
You tentacle-slap Terence.
Terence is severely wounded.
You constrict Terence. You constrict the hobgoblin.
The hobgoblin barely misses you.
Terence asks, "Do you want it fast or slow?"
Terence closely misses you.
Unknown command.
You tentacle-slap Terence.
You kill Terence!
You constrict the hobgoblin.
You kill the hobgoblin!
The ball python barely misses you. x2
Natasha stares at you and mumbles some strange words.
You feel yourself slow down.
You have reached level 6!
You closely miss Natasha. Your grab misses Natasha.
You squeeze Natasha, but do no damage.
A giant cockroach comes into view.
You block the ball python's attack. The ball python grabs you.
The ball python constricts you. Natasha claws you.
* * * LOW HITPOINT WARNING * * *
The ball python bites you.
* * * LOW HITPOINT WARNING * * *
The ball python constricts you.
You fade into invisibility!
An orc comes into view. It is wielding a +0 short sword.
A kobold comes into view. It is wielding a +0 short sword.
The ball python barely misses you. The ball python constricts you.
* * * LOW HITPOINT WARNING * * *
Natasha barely misses you. The goblin closely misses you.
The ball python closely misses you. The ball python constricts you.
Natasha claws you!
You die...
Natasha curls up and begins to purr.

##.....# #....# ...
###.(.###....#.........
##...##....#........K
#...##..............
#...##.......>......
##...#..............
#...#..............
#####..#.......S..B...
###.......##....@hg....?
≈≈......#.)..#.#.g..####
.≈≈≈≈.###....#.#..#.?...
....≈.#####..#.#♣♣♣ ♣♣♣♣
.._............#♣
....≈...........♣♣♣
.≈≈≈≈.#...........#
≈≈....#...........#
#....##........##.#


You could see Natasha, a giant cockroach (wandering, unable to see you), 2
goblins, a ball python (unable to see you) and a kobold (wandering, unable to
see you).

Vanquished Creatures
  Sigmund (D:3)
  Terence (D:3)
  2 adders (D:2)
  5 ball pythons
  3 endoplasms
  5 giant cockroaches
  5 goblins
  5 hobgoblins
  2 quokkas
  8 bats
  3 frilled lizards
  5 kobolds
  5 rats (D:1)
50 creatures vanquished.

Notes
Turn   | Place    | Note
-------+----------+-------------------------------------------
     0 | D:1      | MollyMolluskus the Octopode Fighter began the quest for the
                  | Orb.
     0 | D:1      | Reached XP level 1. HP: 16/16 MP: 1/1
   159 | D:1      | Reached XP level 2. HP: 17/21 MP: 2/2
   387 | D:1      | Reached skill level 1 in Stealth
   537 | D:1      | Reached XP level 3. HP: 26/26 MP: 3/3
  1194 | D:2      | Found a faded altar of an unknown god.
  1344 | D:2      | Reached XP level 4. HP: 31/31 MP: 4/4
  1776 | D:3      | Found an opulent altar of Gozag.
  1792 | D:3      | Found Gozag's Platinum Reserve.
  1792 | D:3      | Noticed Sigmund
  1800 | D:3      | Killed Sigmund
  1801 | D:3      | Reached XP level 5. HP: 23/37 MP: 5/5
  1956 | D:3      | Noticed Terence
  1965 | D:3      | Noticed Natasha
  1970 | D:3      | Killed Terence
  1971 | D:3      | Reached XP level 6. HP: 14/43 MP: 6/6
  1972 | D:3      | Slain by Natasha

Illustrated notes

Levels and vault maps discovered:
D:1:      eino_arrival_cavern_a, layout_basic
D:2:      layout_loops_corners, nicolae_ecumenical_oubliette
D:3:      minmay_wonky_spiral, layout_rooms, nicolae_gozag_zags_fifth_avenue,
          serial_shops, nicolae_shop_peninsula, serial_curves, eino_curves_04,
          eino_curves_02, minmay_misc_feat_doors, minmay_fractal_squares_5,
          uniq_grinder, uniq_natasha, uniq_sigmund, uniq_terence

Skill      XL: |  1  2  3  4 |
---------------+-------------+-----
Stealth        | 1 3 |  3.1
Unarmed Combat | 3 |  3.9
Fighting       | |  3.8
Dodging        | |  3.8
Shields        | |  3.7

Action                     |  1- 3 |  4- 6 || total
---------------------------+-------+-------++-------
  Melee: Unarmed           |    18 |    22 ||    40
         Constrict         |    25 |     7 ||    32
         Tentacles         |    13 |    10 ||    23
         Punch             |     4 |       ||     4
         Dagger            |    55 |    18 ||    73
    Use: Scroll            |     4 |     2 ||     6
         Potion            |       |     1 ||     1
   Stab: Sleeping          |     7 |       ||     7
 Armour: Skin              |    14 |    19 ||    33
  Dodge: Dodged            |    31 |    21 ||    52
  Block: Buckler           |    11 |     7 ||    18
